Map: Alcyone LE

Players

JosueKujo - Winner!

  • Race: Terran Terran
  • Spawn Location: 7:00

I.A. 1 (Muito fácil)

  • Race: Terran Terran
  • Spawn Location: 1:00

VOD

Have the link to the VOD?

Description

Time

  • Played on: July 31, 2025, 10:20 a.m.
  • Length: 4:29
Show
View Real Time Build Order
Export as new Build Order

JosueKujo Terran - Winner!

Build Orders:  

Get SALT Encoding   

  12  0:01  SCV  
  13  0:13  SCV  
  14  0:18  Supply Depot  
  14  0:25  SCV  
  15  0:40  SCV, Barracks  
  16  0:51  Refinery  
  16  0:52  SCV  
  17  1:04  SCV  
  18  1:16  SCV  
  19  1:27  Barracks Tech Lab  
  19  1:29  Orbital Command  
  19  1:32  Supply Depot  
  19  1:43  Bunker  
  19  1:49  Marauder  
  19  1:51  Concussive Shells  
  21  1:55  SCV  
  22  2:07  SCV  
  23  2:11  Marauder  
  25  2:19  SCV  
  26  2:24  Command Center  
  26  2:32  SCV, Refinery  
  26  2:35  Supply Depot  
  27  2:40  Marauder  
  30  2:44  SCV  
  30  2:56  SCV  
  31  3:03  Marauder  
  33  3:11  Factory  
  33  3:12  SCV  
  34  3:24  SCV  
  35  3:36  SCV  
  35  3:39  Marauder  
  38  3:45  Supply Depot  
  38  3:46  Orbital Command  
  38  3:58  SCV, Factory Tech Lab  
  39  4:03  Starport  
  39  4:10  SCV  
Show
View Real Time Build Order
Export as new Build Order

I.A. 1 (Muito fácil) Terran 

Build Orders:  

Get SALT Encoding   

  12  0:00  SCV  
  13  0:13  SCV  
  14  0:19  Supply Depot  
  14  0:37  Refinery  
  14  0:43  Barracks  
  14  1:02  Supply Depot  
  14  1:12  Refinery  
  14  1:28  SCV  
  14  1:29  Marine  
  16  1:41  SCV  
  17  1:53  SCV  
  18  2:05  SCV, Marine  
  20  2:17  SCV  
  21  2:29  SCV  
  22  2:41  Marine  
  22  2:42  Orbital Command  
  23  3:22  Marine  
  23  3:26  Supply Depot  
  21  3:36  SCV  
  19  3:48  SCV  
  17  3:51  Marine  
  15  4:00  SCV  
  9  4:12  SCV  
Tags
 
Matchup
TvT
Race
Terran
Spawn Locations
Cross Positions
Add a new tag
Caveats
  • Supply blocks, unpowered buildings, or Contaminate may cause inaccurate times.
  • Supply counts are checked every 10 seconds.